 Seeded DCSS version 0.28-a0-1567-g1695149f81 (webtiles) character file.

Game seed: 189 (custom seed)

469 knot the Chopper (level 6, -2/47 HPs)
             Began as a Demonspawn Berserker on Jan 20, 2022.
             Was a Believer of Trog.
             Slain by an orc (4 damage)
             ... on level 4 of the Dungeon.
             The game lasted 00:04:55 (5121 turns).

knot the Chopper (Demonspawn Berserker)             Turns: 5121, Time: 00:04:57

Health: -2/47      AC:  7    Str: 17    XL:     6   Next: 82%
Magic:  6/6        EV: 11    Int: 11    God:    Trog [**....]
Gold:   180        SH:  0    Dex: 12    Spells: 5/5 levels left

rFire   . . .      SeeInvis .   m - +0 hand axe (flame)
rCold   . . .      Faith    .   (no shield)
rNeg    . . .      Spirit   .   g - +0 ring mail
rPois   .          Reflect  .   k - +0 helmet
rElec   .          Harm     .   (no cloak)
rCorr   .          Rampage  .   (no gloves)
Will    ++...                   (no boots)
Stlth   +.........              f - amulet of magic regeneration
HPRegen 2.15/turn               (no ring)
MPRegen 0.50/turn               (no ring)

@: mighty, lethally poisoned (-2 -> -5), strong-willed, on berserk cooldown,
regenerating, slowed, very slow
A: claws 2, powered by death 2, sharp scales 1
a: Renounce Religion, Berserk, Trog's Hand


You were on level 4 of the Dungeon.
You worshipped Trog.
Trog was pleased with you.
You visited 1 branch of the dungeon, and saw 4 of its levels.

You collected 180 gold pieces.

Inventory:

Hand Weapons
 m - a +0 hand axe of flaming (weapon)
Missiles
 c - 50 stones (quivered)
 l - 2 poisoned darts
Armour
 g - a +0 ring mail (worn)
 k - a +0 helmet (worn)
Jewellery
 f - an amulet of magic regeneration (around neck)
 h - a ring of ice
Scrolls
 a - a scroll of enchant armour {unknown}
 b - a scroll of noise {unknown}
 d - a scroll of identify
 n - a scroll of teleportation {unknown}
 o - a scroll of amnesia {unknown}
Potions
 e - 2 potions of might


   Skills:
 - Level 3.0 Fighting
 + Level 7.1 Axes
 - Level 1.7 Armour
 - Level 1.7 Dodging


You had 5 spell levels left.
You didn't know any spells.
Your spell library contained the following spells:

 Spells                   Type           Power      Damage    Failure   Level
 Ensorcelled Hibernation  Hex/Ice        0%         N/A       67%         2
 Spider Form              Tmut/Pois      0%         N/A       88%         3
 Anguish                  Hex/Necr       0%         N/A       99%         4
 Leda's Liquefaction      Hex/Erth       0%         N/A       99%         4
 Lee's Rapid Deconstruct  Erth           0%         3d5*      100%        5
 Statue Form              Tmut/Erth      0%         N/A       100%        6


Dungeon Overview and Level Annotations

Branches:
Dungeon (4/15)
 Temple: D:4-7

Altars:


Innate Abilities, Weirdness & Mutations

You have very sharp fingernails.
You regenerate health from kills.
You are partially covered in razor-sharp scales. (AC +1, Slay +1)


Message History

The orc hits you with a +0 club. The orc hits you with a +0 hand axe.
The orc hits you with a +0 club.
You slash the orc! You burn the orc.
You kill the orc!
Trog accepts your kill.
You hit the orc but do no damage. You closely miss the orc.
The orc hits you with a +2 short sword of venom.
You are poisoned.
The orc closely misses you.
The orc hits you with a +2 short sword of venom.
You are more poisoned.
You completely miss the orc. You barely miss the orc. You hit the orc.
You burn the orc.
You feel extremely sick. The orc hits you but does no damage.
The orc barely misses you. The orc hits you but does no damage.
You are more poisoned.
The orc hits you but does no damage.
It was a potion of might.
You feel very mighty all of a sudden.
You feel extremely sick. The orc barely misses you.
The orc hits you with a +2 short sword of venom.
You are lethally poisoned!
The orc closely misses you. The orc hits you but does no damage.
Your skin crawls.
You feel strong-willed.
* * * LOW HITPOINT WARNING * * *
You feel extremely sick. The orc hits you but does no damage.
The orc closely misses you. x2
The orc hits you with a +2 short sword of venom.
* * * LOW HITPOINT WARNING * * *
The orc misses you.
You barely miss the orc.
The orc is moderately wounded.
You hit the orc. You burn the orc. You hit the orc but do no damage.
* * * LOW HITPOINT WARNING * * *
You feel very sick. The orc hits you with a +0 club.
You die...

..........#
#######..............##
...........#####......#
....>......# #...)..#
...........+ #......#
...........# #......#
...........# #......#
#..oo...# #......#
#..o@...# #...[..#
#.....))# #......+
#.....))# #..)...#
#.......#####..)...##
#............†..).....
#.....................
#.....................
#...............#.....
#.....................


You could see 3 orcs.

Vanquished Creatures
  Grinder (D:3)
  2 orc wizards
  Robin (D:2)
  4 adders
  5 gnolls
  4 worms
  6 dart slugs
  8 orcs
  7 ball pythons
  5 endoplasms
  A giant cockroach (D:2)
  14 goblins
  9 hobgoblins
  4 jackals (D:1)
  6 quokkas
  6 bats
  3 frilled lizards
  5 kobolds
  A quokka skeleton (D:4)
  7 rats
99 creatures vanquished.

Vanquished Creatures (others)
  15 plants (D:2)
15 creatures vanquished.

Grand Total: 114 creatures vanquished

Notes
Turn   | Place    | Note
-------+----------+-------------------------------------------
     0 | D:1      | knot the Demonspawn Berserker began the quest for the Orb.
     0 | D:1      | Reached XP level 1. HP: 18/18 MP: 1/1
   437 | D:1      | Reached skill level 3 in Axes
   651 | D:1      | Gained mutation: You have sharp fingernails. [demonic
                  | ancestry]
   651 | D:1      | Reached XP level 2. HP: 20/24 MP: 2/2
  1472 | D:1      | Gained mutation: You regenerate a little health from kills.
                  | [demonic ancestry]
  1472 | D:1      | Reached XP level 3. HP: 29/29 MP: 3/3
  2054 | D:2      | Reached skill level 4 in Axes
  2286 | D:2      | Noticed Robin
  2301 | D:2      | Killed Robin
  2302 | D:2      | Gained mutation: You have very sharp fingernails. [demonic
                  | ancestry]
  2302 | D:2      | Reached XP level 4. HP: 35/35 MP: 4/4
  2305 | D:2      | Reached ** piety under Trog
  3164 | D:2      | Reached skill level 5 in Axes
  3737 | D:3      | Gained mutation: You are partially covered in razor-sharp
                  | scales. (AC +1, Slay +1) [demonic ancestry]
  3737 | D:3      | Reached XP level 5. HP: 39/41 MP: 5/5
  4387 | D:3      | Noticed Grinder
  4393 | D:3      | Paralysed by Grinder for 5 turns
  4401 | D:3      | Killed Grinder
  4402 | D:3      | Reached skill level 6 in Axes
  4402 | D:3      | Gained mutation: You regenerate health from kills. [demonic
                  | ancestry]
  4402 | D:3      | Reached XP level 6. HP: 28/47 MP: 6/6
  5020 | D:4      | Reached skill level 7 in Axes
  5121 | D:4      | HP: 2/47 [poisoned by an orc]
  5121 | D:4      | Slain by an orc

Illustrated notes

Levels and vault maps discovered:
D:1:      dpeg_arrival_simpleton_a, layout_basic, minivault_23
D:2:      wad_woods_tower, layout_basic, uniq_robin
D:3:      layout_basic, uniq_grinder
D:4:      layout_gridville, elyvilon_altar_5,
          hangedman_abyss_or_decor_lesser_grid, uniq_blork_the_orc

Skill      XL: |  1  2  3  4  5  6 |
---------------+-------------------+-----
Axes           | 3 4 5 6 7 |  7.1
Fighting       | |  3.0
Armour         | |  1.7
Dodging        | |  1.7

Action                   |  1- 3 |  4- 6 || total
-------------------------+-------+-------++-------
Melee: Hand axe          |   155 |   158 ||   313
       Punch             |     2 |     1 ||     3
Invok: Berserk           |     7 |     7 ||    14
       Trog's Hand       |       |     2 ||     2
  Use: Potion            |     1 |     3 ||     4
       Scroll            |     1 |       ||     1
 Stab: Sleeping          |     3 |       ||     3
Armor: Animal skin       |    26 |     1 ||    27
       Skin              |    26 |    17 ||    43
       Ring mail         |       |    59 ||    59
Dodge: Dodged            |   102 |    90 ||   192

Table legend: (Time is in decaauts)
 A = Elapsed time spent in this place.
 B = Non-inter-level travel time spent in this place.
 C = Inter-level travel time spent in this place.
 D = Time resting spent in this place.
 E = Time spent auto-exploring this place.
 F = Levels seen in this place.
 G = Mean time per level.
                   A        B        C        D        E       F      G
               +--------+--------+--------+--------+--------+-----+--------+
         Total |   5266 |   5153 |    113 |   2216 |   2222 |   4 | 1316.5 |
       Dungeon |   5266 |   5153 |    113 |   2216 |   2222 |   4 | 1316.5 |
               +--------+--------+--------+--------+--------+-----+--------+

Top non-repeatable levels by time:
     D:1: 2087 daAuts
     D:2: 1656 daAuts
     D:3: 1384 daAuts
     D:4: 138 daAuts
